 Dungeon Crawl Stone Soup version 0.17-b1-15-g0f5fb43 (webtiles) character file.

92138 Goblin1989 the Cruncher (level 16, -1/103 HPs)
             Began as a Gargoyle Gladiator on Nov 3, 2015.
             Was a High Priest of Okawaru.
             Slain by a tentacled starspawn (25 damage)
             ... on level 1 of the Abyss on Nov 4, 2015.
             The game lasted 02:18:54 (26615 turns).

Goblin1989 the Cruncher (Gargoyle Gladiator)       Turns: 26615, Time: 02:18:55

Health: -1/103     AC: 30    Str: 21 (22) XL:     16   Next: 5%
Magic:  21/21      EV: 13    Int:  9      God:    Okawaru [*****.]
Gold:   1812       SH:  0    Dex: 10      Spells: 2 memorised, 6 levels left

rFire  + + +     SeeInvis +     p - +4 lajatang (vamp)
rCold  + + .     Clarity  +     i - +2 chain mail {rC+}
rNeg   + + +     SustAt   .     (shield currently unavailable)
rPois  ∞         Gourm    +     e - -2 hat of the Alchemist {rElec rPois rF+ rC+ rN+ MR+ rMut rCorr}
rElec  +         Spirit   .     F - +1 cloak {rPois}
rCorr  +         Warding  .     f - +1 pair of gloves
rMut   +         Stasis   .     x - +1 pair of boots
MR     +++..                    E - amulet of the gourmand
Stlth  ..........               b - ring "Jikhogir" {+Fly rF+ rN+ MR+ Int-2}
                                C - ring of protection from fire

@: flying, very slightly contaminated, extremely resistant to hostile
enchantments, extremely unstealthy
A: big wings, horns 1, see invisible, breathe flames 1, clarity, deterioration
2, dopey 1, mutation resistance 1, negative energy resistance 1, electricity
resistance, wild magic 1, unbreathing, petrification resistance, rot immunity,
AC +11
a: Stop Flying, Heroism, Finesse, Renounce Religion, Breathe Fire


You were on level 1 of the Abyss.
You worshipped Okawaru.
Okawaru was extremely pleased with you.
You were not hungry.

You visited 3 branches of the dungeon, and saw 20 of its levels.
You visited the Abyss 1 time.
You also visited: Labyrinth.

You collected 1812 gold pieces.

Inventory:

Hand Weapons
 p - a +4 vampiric lajatang (weapon)
Missiles
 d - 8 throwing nets
 l - 8 tomahawks of dispersal
 H - 8 steel tomahawks
 K - 13 silver javelins
 M - 13 poisoned needles
 P - 5 javelins
 Q - 15 tomahawks
 U - 11 poisoned javelins (quivered)
Armour
 e - the -2 hat of the Alchemist (worn) {rElec rPois rF+ rC+ rN+ MR+ rMut rCorr}
   (You found it on level 1 of the Lair of Beasts)

   It protects you from fire.
   It protects you from cold.
   It insulates you from electricity.
   It protects you from poison.
   It protects you from negative energy.
   It affects your resistance to hostile enchantments.
   It protects you from acid and corrosion.
   It protects you from mutation.
 f - a +1 pair of gloves (worn)
 i - a +2 chain mail of cold resistance (worn)
 x - a +1 pair of boots (worn)
 F - a +1 cloak of poison resistance (worn)
Jewellery
 b - the ring "Jikhogir" (right hand) {+Fly rF+ rN+ MR+ Int-2}
   (You found it on level 7 of the Lair of Beasts)

   [ring of protection from fire]

   It affects your intelligence (-2).
   It protects you from fire.
   It protects you from negative energy.
   It affects your resistance to hostile enchantments.
   It lets you fly.
 m - an uncursed ring of wizardry
 C - a ring of protection from fire (left hand)
 E - an amulet of the gourmand (around neck)
Wands
 I - a wand of hasting (6)
Scrolls
 j - 6 scrolls of blinking
 o - 8 scrolls of recharging
 q - 3 scrolls of fog {unknown}
 r - 16 scrolls of remove curse
 s - 2 scrolls of random uselessness {unknown}
 w - a scroll of torment {unknown}
 y - a scroll of noise {unknown}
 D - a scroll of teleportation
 L - 3 scrolls of fear
 R - a scroll of holy word {unknown}
 Z - a scroll of silence {unknown}
Potions
 g - 7 potions of flight
 h - 3 potions of heal wounds
 k - a potion of invisibility {unknown}
 n - a potion of poison {unknown}
 t - 4 potions of haste
 u - 11 potions of curing
 z - 2 potions of cancellation
 A - a potion of resistance {unknown}
 G - 3 potions of agility
 N - 2 potions of might {unknown}
 O - a potion of magic {unknown}
 V - 4 potions of brilliance
 X - 2 potions of berserk rage
 Y - 2 potions of lignification {unknown}
Miscellaneous
 a - a lamp of fire (inert)
 W - a disc of storms
Comestibles
 c - 6 bread rations
 v - 4 fruits
 B - 8 meat rations
 S - 9 beef jerkies


   Skills:
 - Level 12.4 Fighting
 - Level 14.0 Staves
 - Level 10.0 Throwing
 - Level 10.0 Armour
 + Level 13.3 Dodging
 - Level 7.1 Invocations


You had 6 spell levels left.
You knew the following spells:

 Your Spells              Type           Power        Failure   Level  Hunger
a - Controlled Blink      Tloc           N/A          100%        8    #######
b - Apportation           Tloc           #.........   100%        1    ##.....


Dungeon Overview and Level Annotations

Branches:
Dungeon (11/15)            Temple (0/1) D:6            Lair (8/8) D:11
  Swamp (0/4) Lair:3        Snake (0/4) Lair:3        Slime (0/6) Lair:7
    Orc (1/4) D:9

Altars:
Ashenzari
Dithmenos
Elyvilon
Gozag
Kikubaaqudgha
Okawaru
Ru
Vehumet
Xom
Yredelemnul
The Shining One

Shops:
D:7 }


Innate Abilities, Weirdness & Mutations

You are resistant to torment.
Your stone body is resilient (AC +11).
You are immune to poison.
Your large and strong wings let you fly indefinitely.
You resist negative energy.
You are resistant to electric shocks.
You can survive without breathing.
You are immune to petrification.
You are immune to rotting.
You have a pair of small horns on your head.
You have supernaturally acute eyesight.
You can breathe flames.
You possess an exceptional clarity of mind.
You are dopey. (Int -2)
You are somewhat resistant to further mutation.
Your spells are a little harder to cast, but a little more powerful.
[Your body often deteriorates upon taking damage.]


Message History

The raiju bursts into living lightning!
The living lightning hits the raiju.
The raiju completely resists.
The living lightning hits you! You resist.
The raiju blinks!
The tentacled starspawn bites you but does no damage.
The tentacled starspawn engulfs you but does no damage.
You slash the starspawn tentacle!
You destroy the starspawn tentacle!
The raiju barely misses you. The raiju completely misses you.
The tentacled starspawn bites you!
* * * LOW HITPOINT WARNING * * *
The tentacled starspawn engulfs you but does no damage.
The starspawn tentacle grabs you. The starspawn tentacle constricts you.
You hit the tentacled starspawn.
The starspawn tentacle loses its grip on you.
The tentacled starspawn is almost destroyed.
The raiju bursts into living lightning!
The living lightning misses you.
The living lightning hits the raiju.
The raiju completely resists.
The raiju blinks!
The tentacled starspawn bites you!!
You die...

.. .## ##
##. ..##
...#. #.#
# .#..
.§.....
..# .. #
..#.#.
..#.##
.....##
#....#h. .
. .#..#.##
. .
.#.w@h##.#
##§X...##
#§.#.####.
####.# ##
... ....
....
#......
.....


You could see a tentacled starspawn, 2 raiju and a starspawn tentacle.

Vanquished Creatures
  A lich (Abyss:1)
  A bone dragon (Abyss:1)
  4 tentacled starspawn (Abyss:1)
  A starcursed mass (Abyss:1)
  A minotaur (Lab)
  Erolcha (D:10)
  8 hydras
  Harold (Lair:2)
  Erica (D:10)
  2 thrashing horrors (Abyss:1)
  A queen ant (Lair:7)
  4 death yaks (Lair:4)
  A sun demon (Abyss:1)
  Urug (Lair:4)
  An ice devil (Abyss:1)
  2 wretched stars (Abyss:1)
  3 skeletal warriors (D:11)
  A spatial maelstrom (Abyss:1)
  6 large abominations (Abyss:1)
  2 unseen horrors (D:11)
  3 hill giants
  A griffon (Lair:8)
  A cyclops (D:11)
  An orc knight (Orc:1)
  2 manticores
  2 slime creatures (Lair:7)
  3 elephants
  4 black mambas
  2 smoke demons (Abyss:1)
  An apocalypse crab (Abyss:1)
  13 spiny frogs
  2 gargoyles
  5 ancient zymes (Abyss:1)
  4 kobold demonologists (D:11)
  An eye of devastation (Abyss:1)
  3 komodo dragons
  A spriggan druid (Lair:8)
  3 trolls
  A fire drake (Lair:3)
  A blue devil (Abyss:1)
  7 polar bears
  31 blink frogs
  5 raiju (Abyss:1)
  A trapdoor spider zombie (D:9)
  A wraith (D:11)
  Sigmund (D:5)
  13 spriggans (Lair:8)
  2 basilisks
  A neqoxec (Abyss:1)
  8 redbacks (Lair:8)
  A wyvern (D:8)
  Eustachio (D:6)
  3 fire bats (Abyss:1)
  A steam dragon (Lair:3)
  45 yaks
  3 ynoxinuls (Abyss:1)
  A chaos spawn (Abyss:1)
  3 wargs (D:11)
  7 hippogriffs
  4 swamp worms (Lair:3)
  14 soldier ants (Lair:7)
  41 wolves
  4 ice beasts
  7 water moccasins
  20 porcupines
  Duvessa (D:6)
  7 black bears
  10 orc warriors
  2 phantoms (D:5)
  7 wasps
  A centaur (D:5)
  6 sky beasts
  An eye of draining (D:11)
  10 ogres
  A big kobold (D:11)
  15 crocodiles
  7 small abominations (Abyss:1)
  21 giant frogs
  Dowan (D:6)
  3 scorpions
  4 wights (D:6)
  5 electric eels
  4 giant frog zombies
  11 crimson imps
  7 killer bees
  4 jellies
  3 giant frog skeletons
  12 orc wizards
  4 hounds
  Crazy Yiuf (D:5)
  6 orc priests
  2 centaur skeletons
  5 gnoll shamans (D:8)
  A quasit (Abyss:1)
  Natasha (twice) (D:2)
  4 hell rats (Lair:6)
  7 sheep (Lair:7)
  8 iguanas
  24 worker ants
  A hound skeleton (D:9)
  A hound zombie (D:7)
  2 worker ant zombies
  16 adders
  10 gnolls
  A shadow imp (D:5)
  2 white imps (Abyss:1)
  49 river rats
  An ooze (D:2)
  An ufetubus (Abyss:1)
  4 worms
  38 orcs
  8 giant cockroaches
  9 hobgoblins
  20 jackals
  15 kobolds
  2 ball pythons (D:4)
  9 bats
  8 giant geckos
  A giant gecko skeleton (D:4)
  4 giant newts
  8 goblins
  4 quokkas
  2 quokka skeletons
  4 rats (D:1)
  3 fungi (D:8)
  2 plants
  8 starspawn tentacles (Abyss:1)
762 creatures vanquished.

Vanquished Creatures (others)
  A small abomination (Abyss:1)
  17 fungi
  4 plants
  10 starspawn tentacles (Abyss:1)
  66 starspawn tentacle segments (Abyss:1)
98 creatures vanquished.

Grand Total: 860 creatures vanquished

Notes
Turn   | Place    | Note
--------------------------------------------------------------
     0 | D:1      | Goblin1989 the Gargoyle Gladiator began the quest for the Orb.
     0 | D:1      | Reached XP level 1. HP: 12/12 MP: 1/1
   157 | D:1      | Reached XP level 2. HP: 14/17 MP: 2/2
   407 | D:1      | Reached skill level 4 in Staves
   421 | D:1      | Reached XP level 3. HP: 13/21 MP: 3/3
  1541 | D:2      | Noticed Natasha
  1549 | D:2      | Killed Natasha
  1549 | D:2      | Reached skill level 5 in Staves
  1549 | D:2      | Reached XP level 4. HP: 21/26 MP: 4/4
  1560 | D:2      | Noticed Natasha
  1564 | D:2      | Killed Natasha
  1872 | D:2      | Found a basalt altar of Yredelemnul.
  1888 | D:2      | Found a glowing golden altar of the Shining One.
  1890 | D:2      | Noticed an angel
  1920 | D:2      | Reached XP level 5. HP: 25/30 MP: 5/5
  2334 | D:3      | Reached skill level 6 in Staves
  2484 | D:3      | Found a sacrificial altar of Ru.
  2984 | D:3      | Found an iron altar of Okawaru.
  2992 | D:3      | Became a worshipper of Warmaster Okawaru
  3034 | D:4      | Reached XP level 6. HP: 34/36 MP: 6/6
  3097 | D:4      | Noticed a black bear
  3104 | D:4      | Killed a black bear
  3418 | D:4      | Found a shattered altar of Ashenzari.
  3493 | D:4      | Found an ancient bone altar of Kikubaaqudgha.
  3493 | D:4      | Found a shadowy altar of Dithmenos.
  3623 | D:4      | Reached skill level 1 in Invocations
  3728 | D:4      | Reached skill level 7 in Staves
  3728 | D:4      | Reached XP level 7. HP: 33/41 MP: 7/7
  4196 | D:5      | Entered Level 5 of the Dungeon
  4208 | D:5      | Reached * piety under Okawaru
  4276 | D:5      | Found a radiant altar of Vehumet.
  4433 | D:5      | Noticed Sigmund
  4448 | D:5      | Killed Sigmund
  4476 | D:5      | Reached skill level 5 in Fighting
  4830 | D:5      | Reached skill level 8 in Staves
  4830 | D:5      | Reached XP level 8. HP: 37/50 MP: 9/9
  5011 | D:5      | Reached ** piety under Okawaru
  5149 | D:5      | Gained mutation: Your spells are a little harder to cast, but a little more powerful. [mutagenic meat]
  5150 | D:5      | Gained mutation: You are somewhat resistant to further mutation. [mutagenic meat]
  5152 | D:5      | Gained mutation: You have supernaturally acute eyesight. [mutagenic meat]
  5280 | D:5      | Noticed Crazy Yiuf
  5285 | D:5      | Killed Crazy Yiuf
  5330 | D:5      | Reached skill level 9 in Staves
  5534 | D:5      | Found a shimmering altar of Xom.
  5724 | D:6      | Reached XP level 9. HP: 54/57 MP: 10/10
  5740 | D:6      | Noticed Eustachio
  5794 | D:6      | Killed Eustachio
  5950 | D:6      | Found a staircase to the Ecumenical Temple.
  6157 | D:6      | Noticed Duvessa
  6157 | D:6      | Noticed Dowan
  6166 | D:6      | Killed Duvessa
  6169 | D:6      | Killed Dowan
  6169 | D:6      | Reached *** piety under Okawaru
  6269 | D:7      | Found Isikhloe's Gadget Shoppe.
  6278 | D:7      | Reached skill level 1 in Armour
  6281 | D:7      | Reached skill level 10 in Staves
  6416 | D:7      | You fall through a shaft!
  6683 | D:8      | Noticed Erica
  7614 | D:8      | Reached XP level 10. HP: 66/66 MP: 11/11
  7625 | D:8      | Reached **** piety under Okawaru
  8225 | D:8      | Reached skill level 11 in Staves
  8315 | D:8      | Reached skill level 10 in Fighting
  8386 | D:8      | Noticed a gargoyle
  8397 | D:8      | Killed a gargoyle
  8638 | D:8      | Gained mutation: You possess an exceptional clarity of mind. [mutagenic meat]
  8639 | D:8      | Gained mutation: You can breathe flames. [mutagenic meat]
  8788 | D:8      | Received a gift from Okawaru
  9051 | D:7      | Received a gift from Okawaru
  9093 | D:7      | Found an opulent altar of Gozag.
  9310 | D:6      | Gained mutation: You are dopey. (Int -2) [mutagenic meat]
  9609 | D:9      | Found a white marble altar of Elyvilon.
  9675 | D:9      | Noticed a hill giant
  9683 | D:9      | Killed a hill giant
  9872 | D:9      | Reached skill level 5 in Armour
 10186 | D:9      | Reached skill level 12 in Staves
 10213 | D:9      | Reached XP level 11. HP: 37/72 MP: 12/12
 10509 | D:9      | Found a staircase to the Orcish Mines.
 10914 | D:10     | Entered Level 10 of the Dungeon
 11004 | D:10     | Reached ***** piety under Okawaru
 11123 | D:10     | Noticed Erolcha
 11130 | D:10     | Killed Erolcha
 11135 | D:10     | Noticed a hill giant
 11141 | D:10     | Killed a hill giant
 11494 | D:10     | Reached skill level 13 in Staves
 11517 | D:10     | Killed Erica
 11517 | D:10     | Received a gift from Okawaru
 11517 | D:10     | Reached skill level 5 in Dodging
 11715 | D:9      | HP: 3/72 [gargoyle/stone arrow (18)]
 11959 | D:9      | Gained mutation: [Your body sometimes deteriorates upon taking damage.] [mutagenic meat]
 12252 | D:11     | Noticed an unseen horror
 12266 | D:11     | Killed an unseen horror
 12266 | D:11     | Reached XP level 12. HP: 67/77 MP: 13/13
 12303 | D:11     | Noticed a skeletal warrior
 12305 | D:11     | Noticed a skeletal warrior
 12341 | D:11     | Killed a skeletal warrior
 12350 | D:11     | Killed a skeletal warrior
 12523 | D:11     | Noticed a skeletal warrior
 12543 | D:11     | Killed a skeletal warrior
 12560 | D:11     | Found a staircase to the Lair.
 12596 | D:11     | Reached skill level 14 in Staves
 12673 | D:11     | Received a gift from Okawaru
 12738 | D:11     | Noticed an unseen horror
 12759 | D:11     | Killed an unseen horror
 12847 | D:11     | Reached skill level 5 in Invocations
 13422 | Lair:1   | Entered Level 1 of the Lair of Beasts
 14030 | Lair:1   | Learned a level 8 spell: Controlled Blink
 14440 | Lair:1   | Noticed a seven-headed hydra
 14456 | Lair:1   | Killed a seven-headed hydra
 14874 | Lair:1   | Learned a level 1 spell: Apportation
 14875 | Lair:1   | Identified a scroll of acquirement
 15268 | Lair:2   | Reached XP level 13. HP: 53/82 MP: 18/18
 15815 | Lair:2   | Noticed a seven-headed hydra
 15933 | Lair:2   | Killed a seven-headed hydra
 15959 | Lair:2   | Noticed a five-headed hydra
 15974 | Lair:2   | Killed a five-headed hydra
 16782 | Lair:3   | Noticed Harold
 16821 | Lair:2   | Killed Harold
 17079 | Lair:3   | Reached skill level 5 in Throwing
 17211 | Lair:3   | Reached skill level 10 in Armour
 17415 | Lair:3   | Received a gift from Okawaru
 17850 | Lair:3   | Found a staircase to the Snake Pit.
 18268 | Lair:3   | Found a staircase to the Swamp.
 19074 | Lair:4   | Found a shadowy altar of Dithmenos.
 19114 | Lair:4   | Noticed Urug
 19134 | Lair:4   | Killed Urug
 19708 | Lair:4   | Received a gift from Okawaru
 20001 | Lair:4   | Gained mutation: Your large and strong wings let you fly indefinitely. [Gargoyle growth]
 20001 | Lair:4   | Reached XP level 14. HP: 72/90 MP: 19/19
 20699 | Lair:5   | Gained mutation: You have a pair of small horns on your head. [potion of beneficial mutation]
 21367 | Lair:6   | Found a labyrinth entrance.
 21433 | Lab      | Entered a labyrinth
 21456 | Lab      | Found an exit through the horrors of the Abyss.
 22128 | Lair:6   | Received a gift from Okawaru
 22135 | Lair:6   | Reached ****** piety under Okawaru
 22141 | Lair:6   | Got a faintly glowing quarterstaff {god gift}
 22142 | Lair:6   | Identified the +3 quarterstaff "Gatilodd" {drain, Int+4 Dex+4} (Okawaru gifted it to you on level 6 of the Lair of Beasts)
 23005 | Lair:7   | Found a shadowy altar of Dithmenos.
 23025 | Lair:7   | Received a gift from Okawaru
 23032 | Lair:7   | Got a scorched bone ring
 23048 | Lair:7   | Identified the ring "Jikhogir" {+Fly rF+ rN+ MR+ Int-2} (You found it on level 7 of the Lair of Beasts)
 23093 | Lair:7   | Found a staircase to the Slime Pits.
 23791 | Lair:8   | Entered Level 8 of the Lair of Beasts
 23807 | Lair:8   | Reached skill level 10 in Throwing
 24165 | Lair:8   | Reached XP level 15. HP: 97/97 MP: 20/20
 24210 | Lair:8   | Reached skill level 10 in Dodging
 25004 | D:10     | Noticed a hill giant
 25013 | D:10     | Killed a hill giant
 25073 | Orc:1    | Entered Level 1 of the Orcish Mines
 25231 | Orc:1    | Cast into the Abyss (orc knight)
 25235 | Abyss:1  | Found a corrupted altar of Lugonu.
 25479 | Abyss:1  | Noticed a tentacled starspawn
 25488 | Abyss:1  | Killed a tentacled starspawn
 25510 | Abyss:1  | Found a burning altar of Makhleb.
 25542 | Abyss:1  | Received a gift from Okawaru
 25616 | Abyss:1  | Noticed a tentacled starspawn
 25629 | Abyss:1  | Killed a tentacled starspawn
 25645 | Abyss:1  | Noticed a tentacled starspawn
 25658 | Abyss:1  | Killed a tentacled starspawn
 25668 | Abyss:1  | Noticed a tentacled starspawn
 25681 | Abyss:1  | Killed a tentacled starspawn
 25779 | Abyss:1  | Received a gift from Okawaru
 25922 | Abyss:1  | Noticed a lich
 25939 | Abyss:1  | Killed a lich
 25939 | Abyss:1  | Received a gift from Okawaru
 26048 | Abyss:1  | Received a gift from Okawaru
 26061 | Abyss:1  | Noticed an ancient lich
 26121 | Abyss:1  | Noticed a bone dragon
 26147 | Abyss:1  | Killed a bone dragon
 26517 | Abyss:1  | Reached XP level 16. HP: 92/103 MP: 19/21
 26590 | Abyss:1  | Noticed a tentacled starspawn
 26615 | Abyss:1  | Slain by a tentacled starspawn

Action                   |  1- 3 |  4- 6 |  7- 9 | 10-12 | 13-15 | 16-18 || total
-------------------------+-------+-------+-------+-------+-------+-------++-------
Melee: Quarterstaff      |   111 |   182 |   481 |  1195 |   625 |       ||  2594
       Lajatang          |       |       |       |       |  1353 |    31 ||  1384
Throw: Javelin           |       |       |       |       |     3 |       ||     3
Invok: Heroism           |       |       |     2 |    10 |    15 |       ||    27
       Finesse           |       |       |       |     1 |     6 |       ||     7
 Abil: Breathe Fire      |       |       |       |     4 |     1 |       ||     5
       Fly               |       |       |       |       |     1 |       ||     1
Evoke: Wand              |       |       |       |     7 |       |       ||     7
       Lamp of fire      |       |       |       |       |     1 |       ||     1
  Use: Scroll            |       |       |       |    19 |    10 |       ||    29
       Potion            |       |       |       |     3 |     4 |       ||     7
 Stab: Petrifying        |       |       |     2 |       |       |       ||     2
       Confused          |       |       |     1 |       |       |       ||     1
       Paralysed         |       |       |     2 |       |       |       ||     2
       Distracted        |       |       |       |       |     1 |       ||     1
  Eat: Chunk             |     1 |     4 |    13 |    24 |    52 |       ||    94
       Meat ration       |       |     1 |     1 |       |       |       ||     2
       Royal jelly       |       |       |       |     2 |       |       ||     2
       Bread ration      |       |       |       |     2 |       |       ||     2
       Fruit             |       |       |       |     3 |       |       ||     3
       Pizza             |       |       |       |     1 |       |       ||     1
